AoeStats
← Yisus

MegaRandom

509690549Analyzed
3v3 RM · 3d ago on Sep 27, 2026· 21m 34s· 6 players
Game mode
Random Map
Map size
Normal (6 player)
Population
200
Speed
Normal
Resources
Standard
Victory
Conquest
Starting age
Dark Age
Ending age
Imperial Age
RankedLock teamsTeams togetherTeam positionsShared explorationLock speedFull tech treeHidden civsTurbo modeCheats
Victory
Defeat
🇮🇳 Byzantines · India
771
+18
🇨🇳 Japanese · China
768
+18
🇦🇹 Italians · Austria
735
+19
🇦🇷 Saracens · Argentina
814
-19
🇦🇷 Lithuanians · Argentina
811
-18
🇦🇷 Chinese · Argentina
810
-18
Not at work4898
10:42 Feudal Age
11:42 Double-Bit Axe
14:26 Horse Collar
23:12 Castle Age
21:09 Fletching
21:20 Padded Archer Armor
vtarchitect1668
4:35 Loom
11:15 Feudal Age
12:34 Wheelbarrow
11:45 Double-Bit Axe
11:41 Horse Collar
16:54 Castle Age
16:17 Stone Mining
16:18 Gold Mining
cold hand
9:11 Loom
11:26 Feudal Age
12:23 Double-Bit Axe
12:20 Horse Collar
19:13 Castle Age
19:55 Heavy Plow
20:07 Bow Saw
22:49 Wheelbarrow
Mancuso
0:43 Loom
1:47 Loom
12:05 Feudal Age
13:52 Double-Bit Axe
13:51 Horse Collar
18:31 Castle Age
16:42 Gold Mining
18:18 Fletching
19:36 Heavy Plow
21:05 Forging
El Oso Rulo
0:54 Loom
10:31 Feudal Age
11:07 Double-Bit Axe
11:06 Horse Collar
21:09 Castle Age
22:11 Bow Saw
Yisus
11:46 Feudal Age
21:19 Castle Age
Connection lost

Rejoining the realm…

Still unreachable

The connection could not be restored.

Session expired

The server has moved on; the page needs a fresh start.